 Dungeon Sprint DCSS version 0.17-a0-764-gd40c196 (webtiles) character file.

14739 lorenzova the Impaler (level 12, -12/102 HPs)
             Began as a Merfolk Gladiator on Apr 23, 2015.
             Was the Champion of Qazlal.
             Killed from afar by a hellion (26 damage)
             ... with a burst of hellfire
             ... in the Dungeon (Sprint V: "Ziggurat Sprint").
             The game lasted 00:25:19 (1249 turns).

lorenzova the Impaler (Merfolk Gladiator)           Turns: 1249, Time: 00:25:19

Health: -12/102    AC: 38    Str: 26    XL:     12   Next: 19%
Magic:  19/25      EV: 17    Int: 13    God:    Qazlal [******]
Gold:   0          SH: 40    Dex: 20    Spells: 0 memorised, 29 levels left

rFire  + . .     SeeInvis +     D - +13 lance "Wyrmbane" {slay drac, +Rage rPois rF+ AC+5}
rCold  . . .     Clarity  .     B - +15 Maxwell's patent armour {-Cast -Tele rElec MR+ rCorr} (curse)
rNeg   + + +     SustAb   .     C - +18 shield of the gong {rElec rN+ MR+ EV-5} (curse)
rPois  +         Gourm    .     c - +0 helmet
rElec  +         Spirit   .     (no cloak)
rCorr  +         Warding  .     (no gloves)
rMut   .         NoTele   +     (no boots)
MR     ++...     NoCast   +     (no amulet)
Stlth  ..........               p - ring "Zaucuv" {-Tele rN++ Str+2 Int+5}
                                T - ring of see invisible

@: mighty, agile, protected from physical damage, repel missiles, very resistant
to hostile enchantments, extremely unstealthy
A: change form in water, swift swim
a: Upheaval, Elemental Force, Disaster Area, Renounce Religion, Evoke Berserk
Rage


You were in the Dungeon.
You worshipped Qazlal.
Qazlal was exalted by your worship.
You were very hungry.

You visited 1 branch

Inventory:

Hand weapons
 D - the +13 lance "Wyrmbane" (weapon) {slay drac, +Rage rPois rF+ AC+5}
   (You found it in the Dungeon)

   It affects your AC (+5).
   It protects you from fire.
   It protects you from poison.
   It lets you go berserk.
 F - the +13 Scythe of Curses {drain, Curse}
   (You found it in the Dungeon)

   A truly terrible weapon, it drains the life of those it strikes.
   It may re-curse itself when equipped.
Missiles
 d - 3 throwing nets (quivered)
Armour
 c - a +0 helmet (worn)
 B - the cursed +15 Maxwell's patent armour (worn) {-Cast -Tele rElec MR+ rCorr}
   (You found it in the Dungeon)

   It insulates you from electricity.
   It affects your resistance to hostile enchantments.
   It prevents spellcasting.
   It prevents most forms of teleportation.
   It protects you from acid and corrosion.
   It has a curse placed upon it.
 C - the cursed +18 shield of the gong (worn) {rElec rN+ MR+ EV-5}
   (You found it in the Dungeon)

   It affects your evasion (-5).
   It insulates you from electricity.
   It protects you from negative energy.
   It affects your resistance to hostile enchantments.
   It has a curse placed upon it.
 E - a +3 buckler
 Z - the +6 plate armour of Intercession {MP+9 Dex+3 SInv}
   (You found it in the Dungeon)

   It affects your dexterity (+3).
   It affects your magic capacity (+9).
   It enhances your eyesight.
Rods
 V - a +6 rod of ignition (14/14)
   (You took it off a spriggan in the Dungeon)
Jewellery
 b - the ring "Dek Uhat" {Ice MP+9}
   (You found it in the Dungeon)

   [ring of ice]

   It enhances your ice magic, and weakens your fire magic.
   It makes you vulnerable to fire.
   It protects you from cold.
   It affects your magic capacity (+9).
 p - the ring "Zaucuv" (right hand) {-Tele rN++ Str+2 Int+5}
   (You found it in the Dungeon)

   [ring of intelligence]

   It affects your strength (+2).
   It affects your intelligence (+5).
   It greatly protects you from negative energy.
   It prevents most forms of teleportation.
 H - a +6 ring of dexterity
 J - a +6 ring of intelligence
 K - a +6 ring of strength
 L - an uncursed ring of magical power
 Q - the ring "Xiph" {SustAb Contam rElec rPois Stlth-}
   (You took it off a draconian annihilator in the Dungeon)

   [ring of sustain abilities]

   It sustains your strength, intelligence and dexterity.
   It insulates you from electricity.
   It protects you from poison.
   It causes magical contamination when unequipped.
   It makes you less stealthy.
 T - a ring of see invisible (left hand)
Magical devices
 M - a wand of disintegration (7)
 N - a wand of fire (3)
 O - a wand of cold (2)
 P - a wand of draining (3)
 Y - a wand of heal wounds (6)
Scrolls
 k - 4 scrolls of blinking
 s - 4 scrolls of amnesia
 t - 3 scrolls of recharging
 u - 7 scrolls of fog
 v - a scroll of holy word
 w - 5 scrolls of identify
 x - 4 scrolls of remove curse
 y - 2 scrolls of fear
 I - 4 scrolls of enchant weapon
 X - 3 scrolls of brand weapon
Potions
 f - 10 potions of curing
 g - 2 potions of heal wounds
 h - 6 potions of haste
 i - 7 potions of magic
 j - 3 potions of berserk rage
 l - 2 potions of brilliance
 m - 2 potions of invisibility
 n - 2 potions of restore abilities
 o - 4 potions of resistance
 q - 4 potions of agility
 r - 4 potions of might
Books
 a - the Compendium of Destructive Lightness
   (You found it in the Dungeon)

   Spells                             Type                      Level
   a - Shock                          Conjuration/Air              1
   b - Flight                         Charms/Air                   3
   c - Mephitic Cloud                 Conjuration/Poison/Air       3
   d - Deflect Missiles               Charms/Air                   6
   e - Freezing Cloud                 Conjuration/Ice/Air          6
 R - Ytuak's Guide on Floating Enhancements
   (You found it in the Dungeon)

   Spells                             Type                      Level
   a - Infusion                       Charms                       1
   b - Swiftness                      Charms/Air                   2
   c - Flight                         Charms/Air                   3
   d - Mephitic Cloud                 Conjuration/Poison/Air       3
   e - Excruciating Wounds            Charms/Necromancy            5
   f - Iskenderun's Battlesphere      Conjuration/Charms           5
 S - the Reference Book on the Frostbite
   (You found it in the Dungeon)

   Spells                             Type                      Level
   a - Throw Icicle                   Conjuration/Ice              4
   b - Summon Ice Beast               Ice/Summoning                4
   c - Ozocubu's Refrigeration        Ice                          6
 U - a book of Air

   Spells                             Type                      Level
   a - Shock                          Conjuration/Air              1
   b - Swiftness                      Charms/Air                   2
   c - Repel Missiles                 Charms/Air                   2
   d - Flight                         Charms/Air                   3
   e - Static Discharge               Conjuration/Air              3
   f - Lightning Bolt                 Conjuration/Air              5
Miscellaneous
 G - a plain deck of defence
Comestibles
 e - 5 bread rations
 z - 42 fruits
 A - 4 meat rations


   Skills:
 + Level 12.0 Fighting
 + Level 15.3 Polearms
 - Level 2.0 Throwing
 + Level 9.5 Armour
 + Level 14.2 Dodging
 + Level 12.0 Shields
 - Level 9.2 Spellcasting
 - Level 11.2 Invocations
 - Level 10.3 Evocations


You had 29 spell levels left.
You didn't know any spells.

Dungeon Overview and Level Annotations

Branches:
Dungeon (1/1)

Altars:
Ashenzari
Cheibriados
Dithmenos
Elyvilon
Fedhas
Gozag
Kikubaaqudgha
Makhleb
Nemelex Xobeh
Okawaru
Qazlal
Ru
Sif Muna
Trog
Vehumet
Xom
Yredelemnul
Zin
The Shining One
Beogh
Jiyva
Lugonu


Message History

You block the adder zombie's attack.
BONNNG!
The red devil hits you from afar with a trident of protection.
* * * LOW HITPOINT WARNING * * *
You block the hellion's attack.
SHROANNG!
What do you say? t - Shout!
Orders for allies: a - Attack new target. r - Retreat! s - Stop attacking. w - Wait here. f - Follow me.
Anything else - Stay silent.
Gang up on whom?
Press: ? - help, Dir - move target cursor, f - reaper
Aim: a reaper, wielding a scythe of protection (lightly wounded) Attack!
You block the adder zombie's attack.
BOUMMMMG!
The hellion gestures at you.
The hellfire explodes!
The burst of hellfire engulfs you!
You die...

=}|::.▓..§|)|}..▓.§)[.
..?})[}..▓..)§..§..▓§..§}
▓.........▓....}§...▓....§
▓.........▓.........▓.....
▓......§..▓.........▓.....
▓.......E.▓....)....▓.....
▓..▓...▓2.▓...)))...▓.▓...
▓.▓....4▓2▓...).)...▓.....
▓......5Z@▓...)))...▓▓▓▓▓▓
▓▓▓▓▓▓▓▓▓▓▓▓▓▓▓▓▓▓▓▓▓


You could see a reaper, a hellion, a red devil, a crimson imp, an adder zombie
and a friendly fire elemental.

Vanquished Creatures
  A draconian annihilator (D)
  A green draconian (D)
  2 mottled draconians (D)
  2 black draconians (D)
  3 red draconians (D)
  3 spiny frogs (D)
  A tormentor (D)
  A hellion (D)
  A fire drake (D)
  A slime creature (D)
  4 yaks (D)
  4 spriggans (D)
  A golden eye (D)
  A steam dragon (D)
  6 wolves (D)
  2 mottled dragons (D)
  A porcupine (D)
  2 swamp drakes (D)
  2 hell hounds (D)
  2 black bears (D)
  A wasp (D)
  A giant frog (D)
  5 scorpions (D)
  A crimson imp (D)
  5 jellies (D)
  An iguana (D)
  3 adders (D)
  A river rat (D)
  2 adder skeletons (D)
  A ball python (D)
  A giant cockroach zombie (D)
63 creatures vanquished.

Vanquished Creatures (collateral kills)
  A slime creature (D)
  A basilisk (D)
  A porcupine (D)
  A river rat (D)
  A jackal (D)
5 creatures vanquished.

Vanquished Creatures (others)
  A red draconian (D)
  An adder skeleton (D)
  A bat zombie (D)
3 creatures vanquished.

Grand Total: 71 creatures vanquished

Notes
Turn   | Place    | Note
--------------------------------------------------------------
     0 | D        | lorenzova, the Merfolk Gladiator, began the quest for the Orb.
     0 | D        | Reached XP level 1. HP: 16/16 MP: 1/1
     2 | D        | Found a basalt altar of Yredelemnul.
     2 | D        | Found an iron altar of Okawaru.
     3 | D        | Found a radiant altar of Vehumet.
     4 | D        | Found a shimmering altar of Xom.
     5 | D        | Found a burning altar of Makhleb.
     6 | D        | Found a corrupted altar of Lugonu.
     7 | D        | Found a viscous altar of Jiyva.
     7 | D        | Found a white marble altar of Elyvilon.
     9 | D        | Found a sparkling altar of Nemelex Xobeh.
     9 | D        | Found a deep blue altar of Sif Muna.
    13 | D        | Found a bloodstained altar of Trog.
    97 | D        | Became a worshipper of Qazlal Stormbringer
   121 | D        | Reached skill level 5 in Shields
   121 | D        | Reached XP level 2. HP: 22/22 MP: 2/2
   128 | D        | Entered arena 1.
   128 | D        | Noticed a scorpion
   128 | D        | Noticed a scorpion
   131 | D        | Killed a scorpion
   131 | D        | Reached skill level 5 in Polearms
   131 | D        | Reached skill level 5 in Dodging
   131 | D        | Reached XP level 3. HP: 26/29 MP: 3/3
   131 | D        | Reached XP level 4. HP: 31/35 MP: 4/4
   134 | D        | Killed a scorpion
   134 | D        | Reached skill level 6 in Polearms
   182 | D        | Entered arena 2.
   182 | D        | Noticed a scorpion
   182 | D        | Noticed a scorpion
   182 | D        | Noticed a scorpion
   186 | D        | Killed a scorpion
   186 | D        | Acquired Qazlal's first power
   186 | D        | Reached skill level 7 in Polearms
   186 | D        | Reached XP level 5. HP: 41/43 MP: 5/5
   190 | D        | Killed a scorpion
   190 | D        | Reached skill level 5 in Fighting
   190 | D        | Reached skill level 5 in Armour
   195 | D        | Killed a scorpion
   195 | D        | Reached skill level 8 in Polearms
   195 | D        | Reached XP level 6. HP: 47/51 MP: 6/6
   202 | D        | Entered arena 3.
   202 | D        | Noticed a hell hound
   202 | D        | Noticed a hell hound
   202 | D        | Noticed a crimson imp
   203 | D        | Killed a hell hound
   203 | D        | Acquired Qazlal's second power
   204 | D        | Killed a crimson imp
   204 | D        | Reached skill level 9 in Polearms
   210 | D        | Killed a hell hound
   210 | D        | Reached XP level 7. HP: 55/59 MP: 7/7
   217 | D        | Got the ring "Zaucuv" {-Tele rN++ Str+2 Int+5}
   221 | D        | Identified Ytuak's Guide on Floating Enhancements (You found it in the Dungeon)
   224 | D        | Identified the Reference Book on the Frostbite (You found it in the Dungeon)
   238 | D        | Entered arena 4.
   243 | D        | Acquired Qazlal's third power
   243 | D        | Reached skill level 1 in Spellcasting
   262 | D        | Entered arena 5.
   262 | D        | Noticed a spriggan
   262 | D        | Noticed a spriggan
   262 | D        | Noticed a wolf
   262 | D        | Noticed a black bear
   262 | D        | Noticed a wolf
   272 | D        | Killed a black bear
   272 | D        | Acquired Qazlal's fourth power
   279 | D        | Killed a wolf
   281 | D        | Killed a wolf
   281 | D        | Reached XP level 8. HP: 49/65 MP: 9/18
   285 | D        | Killed a spriggan
   291 | D        | Killed a spriggan
   389 | D        | Entered arena 6.
   389 | D        | Noticed a spriggan
   389 | D        | Noticed a wolf
   389 | D        | Noticed a wolf
   389 | D        | Noticed a black bear
   389 | D        | Noticed a spriggan rider
   389 | D        | Noticed a wolf
   396 | D        | Killed a wolf
   396 | D        | Acquired Qazlal's fifth power
   401 | D        | Killed a spriggan
   407 | D        | Killed a black bear
   407 | D        | Reached skill level 5 in Invocations
   416 | D        | Killed a wolf
   416 | D        | Reached skill level 5 in Evocations
   420 | D        | Killed a wasp
   420 | D        | Reached XP level 9. HP: 34/71 MP: 9/22
   422 | D        | Killed a wolf
   424 | D        | Killed a spriggan
   613 | D        | Entered arena 7.
   613 | D        | Noticed a mottled dragon
   613 | D        | Noticed a mottled dragon
   613 | D        | Noticed a swamp drake
   613 | D        | Noticed a fire drake
   613 | D        | Noticed a steam dragon
   613 | D        | Noticed a swamp drake
   620 | D        | Killed a fire drake
   621 | D        | Killed a mottled dragon
   622 | D        | Killed a swamp drake
   625 | D        | Killed a mottled dragon
   628 | D        | Killed a steam dragon
   629 | D        | Killed a swamp drake
   653 | D        | Got the +6 plate armour of Intercession {MP+9 Dex+3 SInv}
   666 | D        | Entered arena 8.
   666 | D        | Noticed a spiny frog
   666 | D        | Noticed a porcupine
   666 | D        | Noticed a yak
   666 | D        | Noticed a yak
   666 | D        | Noticed a giant frog
   666 | D        | Noticed a yak
   666 | D        | Noticed an iguana
   676 | D        | Killed a spiny frog
   676 | D        | Reached skill level 10 in Invocations
   679 | D        | Killed an iguana
   683 | D        | Killed a yak
   685 | D        | Killed a porcupine
   685 | D        | Reached XP level 10. HP: 77/77 MP: 23/23
   689 | D        | Killed a giant frog
   689 | D        | Reached skill level 10 in Evocations
   692 | D        | Killed a yak
   692 | D        | Reached skill level 11 in Invocations
   701 | D        | Killed a yak
   723 | D        | Identified the Compendium of Destructive Lightness (You found it in the Dungeon)
   725 | D        | Got the ring "Dek Uhat" {Ice MP+9}
   752 | D        | Entered arena 9.
   752 | D        | Noticed a slime creature
   752 | D        | Noticed a jelly
   752 | D        | Noticed a slime creature
   752 | D        | Noticed a jelly
   752 | D        | Noticed a jelly
   752 | D        | Noticed a jelly
   752 | D        | Noticed a jelly
   752 | D        | Noticed a golden eye
   753 | D        | Killed a jelly
   754 | D        | Killed a golden eye
   757 | D        | Killed a jelly
   758 | D        | Killed a jelly
   761 | D        | Killed a slime creature
   761 | D        | Reached skill level 10 in Polearms
   761 | D        | Killed a jelly
   761 | D        | Killed a jelly
   763 | D        | Killed a slime creature
   775 | D        | Entered arena 10.
   775 | D        | Noticed a basilisk
   775 | D        | Noticed a wolf
   775 | D        | Noticed a spiny frog
   775 | D        | Noticed a yak
   775 | D        | Noticed a porcupine
   775 | D        | Noticed a spiny frog
   782 | D        | Killed a spiny frog
   784 | D        | Killed a spiny frog
   784 | D        | Reached skill level 10 in Dodging
   785 | D        | Killed a wolf
   785 | D        | Killed a basilisk
   788 | D        | Killed a yak
   788 | D        | Killed a porcupine
   807 | D        | Entered arena 11.
   807 | D        | Noticed a green draconian
   807 | D        | Noticed a red draconian
   807 | D        | Noticed a red draconian
   807 | D        | Noticed a black draconian
   807 | D        | Noticed a black draconian
   807 | D        | Noticed a mottled draconian
   807 | D        | Noticed a red draconian
   807 | D        | Noticed a red draconian
   808 | D        | Noticed a mottled draconian
   809 | D        | Noticed a purple draconian annihilator
   815 | D        | Killed a black draconian
   816 | D        | Killed a purple draconian annihilator
   816 | D        | Reached skill level 12 in Polearms
   816 | D        | Reached XP level 11. HP: 32/89 MP: 9/24
   820 | D        | Killed a black draconian
   820 | D        | Reached skill level 10 in Shields
   822 | D        | Killed a green draconian
   822 | D        | Reached skill level 10 in Fighting
   822 | D        | Reached skill level 13 in Polearms
   823 | D        | Killed a red draconian
   825 | D        | Killed a red draconian
   825 | D        | Reached skill level 14 in Polearms
   826 | D        | Killed a red draconian
   832 | D        | Killed a mottled draconian
   845 | D        | Killed a mottled draconian
   845 | D        | Reached skill level 15 in Polearms
   845 | D        | Reached XP level 12. HP: 34/101 MP: 12/25
   846 | D        | Killed a red draconian
  1178 | D        | Got the ring "Xiph" {SustAb Contam rElec rPois Stlth-}
  1208 | D        | Entered arena 12.
  1208 | D        | Noticed a crimson imp
  1208 | D        | Noticed a hellion
  1208 | D        | Noticed a tormentor
  1208 | D        | Noticed a hellion
  1211 | D        | Noticed a reaper
  1213 | D        | Noticed a red devil
  1224 | D        | Killed a hellion
  1243 | D        | Killed a tormentor
  1245 | D        | HP: 1/102 [reaper/scythe of protection (28)]
  1249 | D        | Killed from afar by a hellion

Action                   |  1- 3 |  4- 6 |  7- 9 | 10-12 || total
-------------------------+-------+-------+-------+-------++-------
Melee: Lance             |     3 |    21 |   101 |    71 ||   196
       Scythe            |       |       |       |    18 ||    18
Invok: Disaster Area     |       |       |       |     2 ||     2
       Elemental Force   |       |       |       |     1 ||     1
Evoke: Wand              |       |     2 |     3 |     2 ||     7
  Use: Potion            |     1 |       |     1 |     9 ||    11
       Scroll            |       |       |       |     1 ||     1
